[Event "35th Roquetas Festival 2024"]
[Site "Roquetas de Mar"]
[Date "2024.01.07"]
[Round "9.8"]
[White "Raczek, Krzysztof"]
[Black "Camacho Collados, Marcos"]
[Result "0-1"]
[ECO "B40"]
[WhiteElo "2347"]
[BlackElo "2466"]
[Annotator "TA"]
[PlyCount "110"]
[EventDate "2024.01.02"]
[EventType "swiss"]
[EventCountry "ESP"]
[SourceTitle "playchess.com"]
[Source "ChessBase"]
[SourceQuality "1"]
[TimeControl "5400+30"]

1. e4 c5 2. Nf3 e6 3. b3 b6 4. d4 cxd4 5. Nxd4 Bb7 6. Bd3 Bc5 {B40: Sicilian: 2...e6, Unusual lines.} 7. Bb2 Qf6 8. c3 Nc6 {[%cal Rc6d4] [#] The position is equal.} 9. Be2 $146 ({Predecessor:} 9. Bc2 Nxd4 10. cxd4 Bb4+ 11. Kf1 Nh6 12. h4 Qf4 13. Bc1 Qc7 14. a3 Rc8 15. axb4 Qxc2 16. Qxc2 Rxc2 {0-1 Shimanov,A (2587)-Grachev,B (2621) St Petersburg rapid 2019 (9)}) 9... Nge7 (9... Qg6 $5 10. O-O (10. Bf3 Ne5 $17) 10... Nf6 $15) 10. O-O d5 11. Nxc6 (11. exd5 $11 {remains equal.} Nxd4 12. cxd4) 11... Bxc6 $17 12. exd5 Bxd5 13. Bb5+ Kf8 {[#] ...Qg6 would be deadly.} 14. Nd2 $1 Bb7 {Black is much more active. The white rooks are badly placed.} (14... Rd8 $1 $15) 15. Be2 Ng6 $1 16. Bf3 Bxf3 17. Qxf3 Qxf3 18. Nxf3 Ke7 19. Rfd1 Rhd8 20. g3 e5 21. Kf1 f6 22. Ke2 Ke6 23. Nd2 f5 24. a4 e4 25. f3 Rd3 26. b4 Re3+ 27. Kf1 Be7 {Threatens to win with ...Ne5.} 28. fxe4 {[#]} (28. Kf2 $1 $11 Bg5 29. f4 Nxf4 30. gxf4 (30. Kxe3 Nd3+ 31. Ke2 Nxb2 $15) 30... Bxf4 31. Nb3) 28... f4 (28... Rf8 $1 $17 29. Re1 f4) 29. Nc4 $1 $11 Rxe4 30. Re1 Rxe1+ 31. Rxe1+ Kf5 32. a5 b5 33. Nd2 (33. Na3 $1 $11) 33... Rd8 (33... Bf6 $15) 34. Nb3 Bf6 {aiming for ...Rd3.} 35. Nc5 {Inhibits Rd3.} (35. Nd4+ $11 {and White stays safe.} Kg4 36. Nxb5) 35... Ne5 (35... Rd2 $19 36. Re2 Rd1+ 37. Re1 Rxe1+ 38. Kxe1 fxg3 39. hxg3 Ne5) 36. gxf4 Nd3 37. Nxd3 Rxd3 $17 {[%mdl 4096] Endgame KRB-KRB} 38. Re2 Kxf4 39. Kg1 (39. Kg2 $17) 39... Kf5 (39... Bxc3 40. Bxc3 Rxc3 41. Re7 $11) (39... Kf3 $19 {( -> ...Rd1+)} 40. Rf2+ Ke4 41. Re2+ Kd5) 40. Kf2 h5 (40... Bxc3 $6 41. Bxc3 Rxc3 42. Re7 $11) ({Black should try} 40... a6 $17 41. Ke1 h5) 41. Kg2 $2 (41. c4 $1 $15) 41... h4 $19 {And now ...h3+ would win.} (41... Bxc3 42. Bxc3 Rxc3 43. Re7 $11) 42. a6 $2 (42. Kf1 a6 43. Ke1) 42... Rd6 $2 (42... Bxc3 43. Bxc3 h3+ 44. Kf2 Rxc3 45. Re7 $11) (42... h3+ $19 {and Black stays clearly on top.} 43. Kf1 Rd1+ 44. Re1 Rxe1+ 45. Kxe1 Be5) 43. Bc1 $2 {Now White is beyond hope.} (43. Rf2+ $2 Ke4 44. Bc1 Rxa6 $19) (43. c4 $17 Bxb2 44. Rxb2 bxc4 45. Rc2) 43... Rxa6 (43... Bxc3 $2 44. Rc2 Be5 45. Rf2+ Ke4 46. Kh3 $19) 44. Rc2 Rc6 {Black is clearly winning.} 45. Bd2 Ke4 46. Be1 Kd3 {[%csl LRc2,LRc3] Prevents Re2.} 47. Rd2+ Kc4 ({Weaker is} 47... Kxc3 48. Rd6+ Kb3 49. Rxc6 $18) 48. Rd1 a6 49. Kh3 Re6 ({And not} 49... Bxc3 50. Bxc3 (50. Kxh4 $2 {loses.} Bxe1+ 51. Rxe1 Kxb4 $19) 50... Kxc3 51. Rc1+ (51. Kxh4 $2 Kxb4 52. Kg5 a5 $19) 51... Kxb4 52. Rxc6 $11) 50. Rc1 Re3+ 51. Kg4 Bxc3 52. Bxc3 Rxc3 53. Ra1 Kxb4 54. Rxa6 Rc4+ 55. Kg5 Kc3 {Weighted Error Value: White=0.65/Black=0.29 (precise)} 0-1

[Event "35th Roquetas Festival 2024"]
[Site "Roquetas de Mar"]
[Date "2024.01.07"]
[Round "9.9"]
[White "Perea Fruet, Lorenzo"]
[Black "Camacho Collados, Jose"]
[Result "1/2-1/2"]
[ECO "B10"]
[WhiteElo "2323"]
[BlackElo "2381"]
[Annotator "RC"]
[PlyCount "164"]
[EventDate "2024.01.02"]
[EventType "swiss"]
[EventCountry "ESP"]
[SourceTitle "playchess.com"]
[Source "ChessBase"]
[SourceQuality "1"]
[TimeControl "5400+30"]

1. e4 c6 2. Nf3 d5 3. d3 dxe4 4. dxe4 Qxd1+ 5. Kxd1 Nf6 6. Nbd2 g6 7. Ne5 Nbd7 8. Nd3 Ng4 9. h3 Nge5 10. Nxe5 Nxe5 11. f4 Nd7 12. c3 Bh6 13. g3 e5 14. Nc4 exf4 15. gxf4 Nf6 16. Bg2 O-O 17. Kc2 Nh5 18. Rf1 b6 19. Rf2 f6 20. f5 Bxc1 21. Rxc1 Ba6 22. Ne3 Rad8 23. c4 Rfe8 24. h4 Kg7 25. Re1 Rd4 26. Kc3 c5 27. Rd2 Rxd2 28. Kxd2 Nf4 29. Bf3 Rd8+ 30. Kc2 Nd3 31. Rd1 Nb4+ 32. Kb3 Rxd1 33. Bxd1 Bb7 34. fxg6 hxg6 35. Nd5 Nc6 36. h5 Ne5 37. hxg6 Kxg6 38. a4 Kf7 39. Kc3 Bxd5 40. cxd5 Ke7 41. b4 Kd6 42. Be2 a5 43. bxa5 bxa5 44. Bf1 Kc7 45. Be2 Nf7 46. Kc4 Kb6 47. Kd3 Nd6 48. Ke3 Kc7 49. Kf4 Kd7 50. e5 fxe5+ 51. Kxe5 Ke7 52. Bf1 Nf7+ 53. Ke4 Kd6 54. Be2 Ne5 55. Bf1 Nd7 56. Bb5 Nf6+ 57. Kd3 Nxd5 58. Be8 Nb6 59. Ke4 Nc4 60. Kd3 Ne5+ 61. Ke4 Nc6 62. Kd3 Ne5+ 63. Ke4 Ng4 64. Kd3 Nf6 65. Bb5 Kc7 66. Bc4 Ne8 67. Bd5 Nd6 68. Ke3 Nc8 69. Bc4 Kd6 70. Ke4 Nb6 71. Bb5 Nd5 72. Kd3 Nc7 73. Bc4 Na8 74. Ke4 Nc7 75. Kd3 Ke5 76. Bf7 Kd6 77. Bc4 Nd5 78. Bb5 Nf4+ 79. Ke4 Ne6 80. Kd3 Nf4+ 81. Ke4 Nd5 82. Kd3 Nb6 1/2-1/2

[Event "35th Roquetas Festival 2024"]
[Site "Roquetas de Mar"]
[Date "2024.01.07"]
[Round "9.11"]
[White "Stremavicius, Pijus"]
[Black "Vingris, Mikelis"]
[Result "1/2-1/2"]
[ECO "D04"]
[WhiteElo "2393"]
[BlackElo "2248"]
[Annotator "RC"]
[PlyCount "60"]
[EventDate "2024.01.02"]
[EventType "swiss"]
[EventCountry "ESP"]
[SourceTitle "playchess.com"]
[Source "ChessBase"]
[SourceQuality "1"]
[TimeControl "5400+30"]

1. d4 d5 2. Nf3 Nf6 3. e3 c6 4. Bd3 e6 5. Ne5 Nbd7 6. f4 Bd6 7. O-O c5 8. c3 O-O 9. Nd2 b6 10. Rf3 Bb7 11. Rh3 Ne4 12. Qh5 Ndf6 13. Qh4 h6 14. Ndf3 Nd7 15. Nxd7 Qxd7 16. g4 f6 17. g5 fxg5 18. fxg5 Be7 19. Qh5 Rf5 20. Rg3 Nxg3 21. hxg3 Rxf3 22. Qxf3 Bxg5 23. Bd2 Rf8 24. Qg4 Qe7 25. Rf1 Rxf1+ 26. Kxf1 Qf6+ 27. Ke2 c4 28. Bc2 Bc6 29. Qh5 Kf8 30. Bg6 Bd7 1/2-1/2

[Event "35th Roquetas Festival 2024"]
[Site "Roquetas de Mar"]
[Date "2024.01.07"]
[Round "9.13"]
[White "Cabezas Ayala, Ivan"]
[Black "Macak, Stefan"]
[Result "1/2-1/2"]
[ECO "C18"]
[WhiteElo "2244"]
[BlackElo "2354"]
[Annotator "RC"]
[PlyCount "40"]
[EventDate "2024.01.02"]
[EventType "swiss"]
[EventCountry "ESP"]
[SourceTitle "playchess.com"]
[Source "ChessBase"]
[SourceQuality "1"]
[TimeControl "5400+30"]

1. e4 e6 2. d4 d5 3. Nc3 Bb4 4. e5 c5 5. a3 Bxc3+ 6. bxc3 Qa5 7. Bd2 Qa4 8. Qb1 c4 9. g3 Nc6 10. h4 Bd7 11. Bh3 O-O-O 12. Nf3 Nge7 13. O-O b6 14. Ra2 Kb7 15. Qd1 Rdg8 16. Nh2 Nd8 17. Ng4 Nf5 18. Nh2 Ne7 19. Ng4 Nf5 20. Nh2 Ne7 1/2-1/2

[Event "35th Roquetas Festival 2024"]
[Site "Roquetas de Mar"]
[Date "2024.01.07"]
[Round "9.14"]
[White "Alba Fernandez, Nicolas"]
[Black "Vergara Anton, Diego"]
[Result "0-1"]
[ECO "E35"]
[WhiteElo "2123"]
[BlackElo "2346"]
[Annotator "RC"]
[PlyCount "98"]
[EventDate "2024.01.02"]
[EventType "swiss"]
[EventCountry "ESP"]
[SourceTitle "playchess.com"]
[Source "ChessBase"]
[SourceQuality "1"]
[TimeControl "5400+30"]

1. d4 e6 2. c4 Nf6 3. Nc3 Bb4 4. Qc2 d5 5. cxd5 exd5 6. Bg5 h6 7. Bh4 c5 8. dxc5 O-O 9. e3 Nbd7 10. Nf3 Nxc5 11. Be2 Nce4 12. O-O Bxc3 13. bxc3 Bf5 14. Qb2 Qb6 15. Qa3 Rac8 16. Rfc1 Qc5 17. Qxc5 Rxc5 18. Nd4 Bg6 19. c4 Rfc8 20. Nb3 R5c7 21. Bxf6 Nxf6 22. cxd5 Nxd5 23. Bg4 Rxc1+ 24. Rxc1 Rxc1+ 25. Nxc1 Nc3 26. a3 Bc2 27. Bc8 b6 28. Bd7 a5 29. Kf1 Nb1 30. Ke1 Nxa3 31. Kd2 Bg6 32. Kc3 Kf8 33. Nb3 Ke7 34. Bc6 Kd6 35. Be8 Ke7 36. Bc6 f6 37. Nd4 Kd6 38. Ba4 Nb1+ 39. Kb2 Nd2 40. Bc6 Kc5 41. Kc3 Ne4+ 42. Bxe4 Bxe4 43. f3 Bd5 44. Nf5 b5 45. Nxg7 b4+ 46. Kb2 a4 47. Nh5 a3+ 48. Kb1 b3 49. Nxf6 Bc6 0-1

[Event "35th Roquetas Festival 2024"]
[Site "Roquetas de Mar"]
[Date "2024.01.07"]
[Round "9.15"]
[White "Luque Saiz, Andres"]
[Black "Moral Garcia, Serafin"]
[Result "1-0"]
[ECO "C50"]
[WhiteElo "2328"]
[BlackElo "2246"]
[Annotator "RC"]
[PlyCount "99"]
[EventDate "2024.01.02"]
[EventType "swiss"]
[EventCountry "ESP"]
[SourceTitle "playchess.com"]
[Source "ChessBase"]
[SourceQuality "1"]
[TimeControl "5400+30"]

1. e4 e5 2. Nf3 Nc6 3. Bc4 Bc5 4. d3 Nf6 5. O-O d6 6. c3 a5 7. a4 O-O 8. h3 h6 9. Re1 Be6 10. b3 Ne7 11. Nbd2 Ng6 12. Nf1 c6 13. Ng3 Qd7 14. d4 exd4 15. cxd4 Bb4 16. Bd2 Bxd2 17. Qxd2 d5 18. e5 Nh7 19. Bd3 Qe7 20. Nf5 Bxf5 21. Bxf5 Nh4 22. Nxh4 Qxh4 23. Re3 Qf4 24. Bxh7+ Kxh7 25. Qd3+ Kg8 26. g3 Qg5 27. f4 Qh5 28. g4 Qh4 29. f5 b6 30. Rc1 Rac8 31. Kg2 Rfd8 32. Re2 c5 33. Rec2 Qe7 34. Kg3 Rb8 35. Qe3 cxd4 36. Qxd4 b5 37. Rc7 Rd7 38. Rc8+ Rxc8 39. Rxc8+ Kh7 40. axb5 Qa3 41. Qd3 Qa1 42. e6 Qg1+ 43. Kf3 Qh1+ 44. Ke2 Rd6 45. exf7 Qg2+ 46. Kd1 Qg1+ 47. Kc2 Qg2+ 48. Kb1 Qg1+ 49. Ka2 Qf2+ 50. Rc2 1-0

[Event "35th Roquetas Festival 2024"]
[Site "Roquetas de Mar"]
[Date "2024.01.07"]
[Round "9.16"]
[White "Del Prado Rodriguez, Xulio"]
[Black "Shamatava, Nikolozi"]
[Result "1-0"]
[ECO "D35"]
[WhiteElo "2294"]
[BlackElo "2088"]
[Annotator "RC"]
[PlyCount "89"]
[EventDate "2024.01.02"]
[EventType "swiss"]
[EventCountry "ESP"]
[SourceTitle "playchess.com"]
[Source "ChessBase"]
[SourceQuality "1"]
[TimeControl "5400+30"]

1. d4 Nf6 2. c4 e6 3. Nc3 d5 4. cxd5 exd5 5. Bg5 Nbd7 6. e3 h6 7. Bh4 Bb4 8. Bd3 c6 9. Nge2 O-O 10. O-O Re8 11. Qc2 Nf8 12. Rad1 Bd6 13. h3 Ne6 14. f3 Bf8 15. Kh1 g5 16. Bf2 Bd7 17. Qd2 Rc8 18. Bb1 b5 19. Ng3 Ng7 20. e4 Nfh5 21. Nce2 f5 22. Nxh5 Nxh5 23. g4 dxe4 24. fxe4 fxg4 25. e5 Re7 26. Qd3 Rg7 27. Qa3 Kh8 28. e6 Be8 29. hxg4 Nf4 30. Nxf4 gxf4 31. Qh3 Qg5 32. Bf5 Be7 33. Rc1 Rd8 34. Rfe1 Rd5 35. Be4 h5 36. Rg1 Kg8 37. gxh5 Qxh5 38. Rxg7+ Kxg7 39. Qxh5 Rxh5+ 40. Kg2 c5 41. dxc5 Bd8 42. Kf3 Kf6 43. Rg1 Kxe6 44. Rg8 Rh3+ 45. Kg2 1-0

[Event "35th Roquetas Festival 2024"]
[Site "Roquetas de Mar"]
[Date "2024.01.07"]
[Round "9.18"]
[White "Bru Rullo, Llatzer"]
[Black "Gomez Arce, Alejandro"]
[Result "0-1"]
[ECO "D41"]
[WhiteElo "2278"]
[BlackElo "2074"]
[Annotator "RC"]
[PlyCount "60"]
[EventDate "2024.01.02"]
[EventType "swiss"]
[EventCountry "ESP"]
[SourceTitle "playchess.com"]
[Source "ChessBase"]
[SourceQuality "1"]
[TimeControl "5400+30"]

1. d4 Nf6 2. c4 e6 3. Nc3 d5 4. cxd5 Nxd5 5. Nf3 c5 6. e3 cxd4 7. exd4 Nxc3 8. bxc3 Qc7 9. Bd2 Nd7 10. Bd3 Bd6 11. Qe2 b6 12. O-O Bb7 13. h3 Bf4 14. Bb5 Bxd2 15. Ne5 Bf4 16. Bxd7+ Ke7 17. Ba4 Bxe5 18. dxe5 Rhd8 19. Rfd1 Rac8 20. Qh5 h6 21. Qh4+ Kf8 22. Rd6 Rxd6 23. exd6 Qxd6 24. Rd1 Bd5 25. c4 Qb4 26. Bb3 Kg8 27. Rd4 Qe1+ 28. Kh2 Qe5+ 29. Qf4 Qxf4+ 30. Rxf4 Bc6 0-1

[Event "35th Roquetas Festival 2024"]
[Site "Roquetas de Mar"]
[Date "2024.01.07"]
[Round "9.19"]
[White "Garrido Diaz, Ernesto"]
[Black "Merario Alarcon, Andres"]
[Result "0-1"]
[ECO "A05"]
[WhiteElo "2120"]
[BlackElo "2429"]
[Annotator "RC"]
[PlyCount "82"]
[EventDate "2024.01.02"]
[EventType "swiss"]
[EventCountry "ESP"]
[SourceTitle "playchess.com"]
[Source "ChessBase"]
[SourceQuality "1"]
[TimeControl "5400+30"]

1. Nf3 Nf6 2. b3 g6 3. Bb2 Bg7 4. g3 O-O 5. Bg2 d6 6. d4 Nbd7 7. O-O c6 8. c4 Re8 9. Re1 Qc7 10. e4 e5 11. d5 Nc5 12. Nc3 a5 13. Qc2 Bd7 14. Rad1 Rec8 15. Qb1 cxd5 16. Nxd5 Nxd5 17. cxd5 f5 18. Nd2 Rf8 19. Ba3 Rf7 20. Qc2 b6 21. Bxc5 bxc5 22. exf5 gxf5 23. Nc4 a4 24. Qd2 Rb8 25. bxa4 Rb4 26. Bf1 Rxa4 27. Rb1 Rf8 28. Rb3 f4 29. Qc2 Rb4 30. a3 Rxb3 31. Qxb3 Bc8 32. Nxe5 fxg3 33. hxg3 Qa5 34. Nd3 Bd4 35. Qd1 Bf5 36. Nf4 Qxa3 37. Bd3 c4 38. Bxf5 Qxg3+ 39. Ng2 Bxf2+ 40. Kh1 Rxf5 41. Re8+ Kf7 0-1

[Event "35th Roquetas Festival 2024"]
[Site "Roquetas de Mar"]
[Date "2024.01.07"]
[Round "9.20"]
[White "Castro Quijano, Eduardo"]
[Black "Huerga Leache, Mikel"]
[Result "1/2-1/2"]
[ECO "C01"]
[WhiteElo "2103"]
[BlackElo "2424"]
[Annotator "RC"]
[PlyCount "104"]
[EventDate "2024.01.02"]
[EventType "swiss"]
[EventCountry "ESP"]
[SourceTitle "playchess.com"]
[Source "ChessBase"]
[SourceQuality "1"]
[TimeControl "5400+30"]

1. e4 e6 2. d4 d5 3. exd5 exd5 4. Bd3 c5 5. c3 Nc6 6. Nf3 Nf6 7. O-O Be7 8. dxc5 Bxc5 9. Re1+ Be7 10. Nd4 O-O 11. Nd2 Bg4 12. N2f3 Nxd4 13. cxd4 Bb4 14. Bd2 Bxf3 15. gxf3 Qa5 16. Re2 Bxd2 17. Qxd2 Qxd2 18. Rxd2 Rac8 19. Bc2 Nh5 20. Bb3 Nf4 21. h4 Rc6 22. Kh2 Rg6 23. Rc1 Re8 24. Ba4 Rb8 25. Rdc2 Rg2+ 26. Kh1 h5 27. Bb3 Rd8 28. Rc8 Rxc8 29. Rxc8+ Kh7 30. Rc2 g5 31. hxg5 Rxg5 32. Rc7 Kg7 33. Rxb7 h4 34. Ba4 h3 35. Bd7 Rg2 36. Bxh3 Rxf2 37. Bd7 Kh6 38. Bc6 f5 39. Rxa7 Kg5 40. Rd7 Rxb2 41. Bxd5 Nxd5 42. Rxd5 Kf4 43. Rc5 Rxa2 44. Rc3 Rd2 45. Kg1 Rxd4 46. Kf2 Rd2+ 47. Ke1 Rb2 48. Kf1 Rh2 49. Kg1 Re2 50. Kf1 Re3 51. Rxe3 Kxe3 52. f4 Kxf4 1/2-1/2

[Event "35th Roquetas Festival 2024"]
[Site "Roquetas de Mar"]
[Date "2024.01.07"]
[Round "9.21"]
[White "Juan Lepp, Jaime Boris"]
[Black "Garcia Fernandez, Victor"]
[Result "1/2-1/2"]
[ECO "B22"]
[WhiteElo "2075"]
[BlackElo "2366"]
[Annotator "RC"]
[PlyCount "110"]
[EventDate "2024.01.02"]
[EventType "swiss"]
[EventCountry "ESP"]
[SourceTitle "playchess.com"]
[Source "ChessBase"]
[SourceQuality "1"]
[TimeControl "5400+30"]

1. e4 c5 2. c3 g6 3. d4 cxd4 4. cxd4 d5 5. exd5 Nf6 6. Bb5+ Nbd7 7. d6 exd6 8. Nc3 a6 9. Bd3 Qe7+ 10. Nge2 Bg7 11. O-O O-O 12. Re1 Re8 13. Bd2 Qd8 14. Qb3 Qb6 15. Bc4 Qxb3 16. Bxb3 Nf8 17. Bf4 Rd8 18. Nd5 Nxd5 19. Bxd5 Ne6 20. Be3 Nc7 21. Bf3 Be6 22. Nc3 d5 23. Rac1 Ne8 24. Na4 Rac8 25. Nb6 Rxc1 26. Rxc1 Rd6 27. Nc8 Rd8 28. Nb6 Bf8 29. Kf1 h5 30. g3 Be7 31. h4 Kg7 32. Na4 Bf5 33. Nc5 Bc8 34. Bf4 Kg8 35. Na4 Bf5 36. Nc3 Be6 37. Na4 Bf6 38. Be3 Nd6 39. Nc5 Rc8 40. Nd3 Rc4 41. b3 Rxc1+ 42. Nxc1 Nf5 43. Ne2 Kf8 44. Nf4 Bxd4 45. Bxd4 Nxd4 46. Bxd5 Bxd5 47. Nxd5 Ke8 48. Ke1 Kd7 49. Kd2 Ke6 50. Ne3 f6 51. Kd3 Nf3 52. Ke4 Nd2+ 53. Kd3 Nf3 54. Ke4 Ne5 55. Ng2 g5 1/2-1/2

[Event "35th Roquetas Festival 2024"]
[Site "Roquetas de Mar"]
[Date "2024.01.07"]
[Round "9.22"]
[White "Alshameary Puente, Ismael"]
[Black "Martinez Piqueras, Carlos"]
[Result "0-1"]
[ECO "D35"]
[WhiteElo "2317"]
[BlackElo "2126"]
[Annotator "RC"]
[PlyCount "64"]
[EventDate "2024.01.02"]
[EventType "swiss"]
[EventCountry "ESP"]
[SourceTitle "playchess.com"]
[Source "ChessBase"]
[SourceQuality "1"]
[TimeControl "5400+30"]

1. d4 d5 2. c4 e6 3. Nc3 Nf6 4. cxd5 exd5 5. Bg5 Be7 6. e3 c6 7. Bd3 Nbd7 8. Nf3 Nh5 9. Bxe7 Qxe7 10. O-O g6 11. Re1 O-O 12. e4 dxe4 13. Bxe4 Qd6 14. d5 Ndf6 15. dxc6 Nxe4 16. cxb7 Bxb7 17. Nxe4 Qf4 18. Qd2 Rfd8 19. Qe3 Rac8 20. Nc3 Bxf3 21. gxf3 Rd2 22. Rab1 Rcd8 23. Rbd1 Rxd1 24. Rxd1 Rxd1+ 25. Nxd1 Qd6 26. Nc3 Nf4 27. Qxa7 g5 28. Qe3 Qd7 29. Qe5 h6 30. Qb8+ Kh7 31. Kf1 Qd3+ 32. Kg1 Qxf3 0-1

[Event "35th Roquetas Festival 2024"]
[Site "Roquetas de Mar"]
[Date "2024.01.07"]
[Round "9.23"]
[White "Diaz Mino, Daniel"]
[Black "Domene Mulyukov, Alexander"]
[Result "1-0"]
[ECO "B40"]
[WhiteElo "2074"]
[BlackElo "2266"]
[Annotator "RC"]
[PlyCount "99"]
[EventDate "2024.01.02"]
[EventType "swiss"]
[EventCountry "ESP"]
[SourceTitle "playchess.com"]
[Source "ChessBase"]
[SourceQuality "1"]
[TimeControl "5400+30"]

1. e4 c5 2. Nf3 e6 3. c3 d5 4. exd5 Qxd5 5. d4 Nf6 6. Be3 cxd4 7. cxd4 Be7 8. Nc3 Qd8 9. Bd3 O-O 10. O-O b6 11. Qe2 Bb7 12. Rad1 Nbd7 13. Ne5 Rc8 14. Bb1 Nd5 15. Ne4 Nxe3 16. Qxe3 Nf6 17. Rfe1 Rc7 18. a3 Nxe4 19. Bxe4 Qa8 20. f3 Bd6 21. Bb1 Rd8 22. Ng4 Be7 23. Qe5 Rcd7 24. Qh5 g6 25. Qe5 Bh4 26. g3 Bxf3 27. Nh6+ Kf8 28. gxh4 Bxd1 29. Rxd1 Qd5 30. Qf6 Qh5 31. Rf1 Qxh6 32. Qh8+ Ke7 33. Qf6+ Ke8 34. d5 Qe3+ 35. Kh1 Re7 36. dxe6 fxe6 37. Qf8+ Kd7 38. Rd1+ Kc6 39. Rxd8 Qc1+ 40. Kg2 Qxb2+ 41. Kg3 Qxb1 42. Qxe7 Qg1+ 43. Kf4 e5+ 44. Kxe5 Qxh2+ 45. Ke6 Qh3+ 46. Kf7 Qf5+ 47. Qf6+ Kb5 48. Qxf5+ gxf5 49. Rd4 a5 50. Rf4 1-0

[Event "35th Roquetas Festival 2024"]
[Site "Roquetas de Mar"]
[Date "2024.01.07"]
[Round "9.24"]
[White "Revaliente Montoya, Ciro"]
[Black "Castillo Rodriguez, Angel Luis"]
[Result "1/2-1/2"]
[ECO "C15"]
[WhiteElo "2263"]
[BlackElo "2055"]
[Annotator "RC"]
[PlyCount "86"]
[EventDate "2024.01.02"]
[EventType "swiss"]
[EventCountry "ESP"]
[SourceTitle "playchess.com"]
[Source "ChessBase"]
[SourceQuality "1"]
[TimeControl "5400+30"]

1. e4 e6 2. d4 d5 3. Nc3 Bb4 4. Nge2 dxe4 5. a3 Bxc3+ 6. Nxc3 Nc6 7. d5 exd5 8. Qxd5 Be6 9. Qxe4 Nf6 10. Qh4 Qe7 11. Be3 O-O-O 12. Qa4 Ng4 13. Qf4 Nxe3 14. Qxe3 Bf5 15. Qxe7 Nxe7 16. Bc4 f6 17. Bb3 Nc6 18. O-O Nd4 19. Rac1 Rhe8 20. f3 Ne2+ 21. Nxe2 Rxe2 22. Rfe1 Rdd2 23. Rxe2 Rxe2 24. Kf1 Rd2 25. Re1 Bxc2 26. Bxc2 Rxc2 27. Re7 Rxb2 28. Rxg7 c5 29. Ke1 c4 30. Kd1 Kb8 31. h4 h5 32. g4 hxg4 33. fxg4 Rh2 34. h5 a5 35. Rf7 Rh4 36. Rxf6 Rxg4 37. Rf5 b6 38. Kc2 Rg3 39. a4 Rh3 40. Rf6 Rxh5 41. Rxb6+ Kc7 42. Rg6 Rh3 43. Rg4 c3 1/2-1/2

[Event "35th Roquetas Festival 2024"]
[Site "Roquetas de Mar"]
[Date "2024.01.07"]
[Round "9.25"]
[White "Alvarez Morales, Miguel"]
[Black "Korneev Leskova, Svyatoslav"]
[Result "1-0"]
[ECO "A06"]
[WhiteElo "2043"]
[BlackElo "2248"]
[Annotator "RC"]
[PlyCount "100"]
[EventDate "2024.01.02"]
[EventType "swiss"]
[EventCountry "ESP"]
[SourceTitle "playchess.com"]
[Source "ChessBase"]
[SourceQuality "1"]
[TimeControl "5400+30"]

1. Nf3 d5 2. d4 e6 3. c4 c6 4. cxd5 exd5 5. Nc3 f5 6. g3 Nf6 7. Bg2 Bd6 8. O-O O-O 9. Rb1 Ne4 10. Qc2 Qe7 11. e3 Be6 12. a3 Nd7 13. b4 Rfc8 14. Ne1 Nxc3 15. Qxc3 Nf6 16. Nd3 Ne4 17. Qc2 a5 18. Ne5 axb4 19. axb4 Bf7 20. Bd2 b6 21. Nd3 Rc7 22. Ra1 Rca7 23. Rxa7 Rxa7 24. Rb1 b5 25. Be1 Ra6 26. Nc1 Bg6 27. f4 Be8 28. Nb3 Ra3 29. Bxe4 fxe4 30. Qc3 g5 31. Ra1 Rxa1 32. Nxa1 gxf4 33. exf4 Qa7 34. Nc2 Qa2 35. Ne3 Bd7 36. Qd2 Qb3 37. f5 Bxb4 38. Qxb4 Qxe3+ 39. Bf2 Qf3 40. Qe7 Qd3 41. Kg2 Qf3+ 42. Kg1 Bxf5 43. Qe8+ Kg7 44. Qe7+ Kg6 45. Qe8+ Kh6 46. Qxc6+ Bg6 47. Qc5 Qd1+ 48. Kg2 Qf3+ 49. Kg1 b4 50. h4 b3 1-0

[Event "35th Roquetas Festival 2024"]
[Site "Roquetas de Mar"]
[Date "2024.01.07"]
[Round "9.26"]
[White "Lazaro Azcutia, Miguel"]
[Black "Gonzalez Castillo, Jose Javier"]
[Result "1/2-1/2"]
[ECO "B13"]
[WhiteElo "2044"]
[BlackElo "2231"]
[Annotator "RC"]
[PlyCount "47"]
[EventDate "2024.01.02"]
[EventType "swiss"]
[EventCountry "ESP"]
[SourceTitle "playchess.com"]
[Source "ChessBase"]
[SourceQuality "1"]
[TimeControl "5400+30"]

1. e4 c6 2. d4 d5 3. exd5 cxd5 4. c4 Nf6 5. Nc3 Nc6 6. Nf3 Be6 7. c5 g6 8. Bb5 Bg7 9. Ne5 Qc8 10. Qa4 Bd7 11. Nxd7 Qxd7 12. O-O O-O 13. Re1 Qc7 14. g3 e5 15. Bxc6 bxc6 16. Rxe5 Ne4 17. Nxe4 Bxe5 18. dxe5 dxe4 19. Qxe4 Qe7 20. Kh1 Kh8 21. Kg1 Kg8 22. Kh1 Kh8 23. Kg1 Kg8 24. Kh1 1/2-1/2